AoeStats
← Simon

Arabia

505617000Analyzed
3v3 RM · 21d ago on Sep 10, 2026· 55m 21s· 6 players
Game mode
Random Map
Map size
Normal (6 player)
Population
200
Speed
Normal
Resources
Standard
Victory
Conquest
Starting age
Dark Age
Ending age
Imperial Age
RankedLock teamsTeams togetherTeam positionsShared explorationLock speedFull tech treeHidden civsTurbo modeCheats
Victory
Defeat
🇨🇳 Malay · China
680
+18
🇹🇼 Byzantines · Taiwan
673
+18
🇻🇳 Goths · Vietnam
530
+24
🇮🇳 Ethiopians · India
904
-27
🇨🇳 Huns · China
706
-20
🇬🇧 Franks · United Kingdom
545
-13
珍珠嘉都
0:30 Loom
10:45 Feudal Age
18:06 Castle Age
17:06 Double-Bit Axe
17:01 Horse Collar
18:09 Stone Mining
24:11 Heavy Plow
24:55 Bow Saw
27:35 Stone Shaft Mining
26:53 Gold Mining
29:00 Gold Shaft Mining
31:23 Husbandry
32:00 Forging
31:56 Scale Barding Armor
35:15 Imperial Age
33:24 Wheelbarrow
33:15 Greek Fire
33:12 Fletching
33:58 Iron Casting
35:23 Ballistics
34:29 Light Cavalry
35:35 Hand Cart
36:06 Chain Barding Armor
35:42 Bodkin Arrow
36:23 Conscription
36:17 Caravan
36:47 Coinage
37:46 Two-Man Saw
37:17 Crop Rotation
37:17 Guilds
37:43 Elite Cataphract
40:30 Plate Barding Armor
39:55 Bracer
41:03 Banking
41:15 Logistica
44:11 Chemistry
43:59 Hussar
phucvaki
12:44 Feudal Age
18:18 Castle Age
17:09 Double-Bit Axe
17:15 Horse Collar
17:35 Gold Mining
25:43 Stone Mining
28:21 Bow Saw
31:15 Wheelbarrow
30:14 Elite Skirmisher
32:04 Stone Shaft Mining
32:47 Scale Mail Armor
32:58 Forging
33:17 Squires
32:37 Pikeman
37:09 Imperial Age
35:49 Anarchy
38:47 Conscription
39:54 Halberdier
Noob.
1:26 Loom
10:48 Feudal Age
10:25 Horse Collar
15:25 Man-at-Arms
15:52 Arson
19:15 Castle Age
19:05 Forging
22:26 Heavy Plow
23:42 Double-Bit Axe
24:23 Squires
24:18 Long Swordsman
27:27 Iron Casting
27:52 Bow Saw
28:16 Treadmill Crane
34:18 Scale Barding Armor
37:22 Imperial Age
36:19 Wheelbarrow
37:12 Husbandry
43:59 Caravan
49:12 Elite Battle Elephant
50:39 Conscription
51:49 Blast Furnace
Black Wolf
8:30 Loom
11:15 Feudal Age
21:50 Castle Age
20:05 Double-Bit Axe
20:14 Fletching
21:19 Padded Archer Armor
25:40 Wheelbarrow
25:06 Gold Mining
25:28 Bow Saw
28:16 Hand Cart
29:16 Bodkin Arrow
30:58 Squires
32:01 Ballistics
31:16 Crossbowman
32:41 Thumb Ring
32:59 Forging
32:53 Scale Mail Armor
33:41 Town Watch
33:45 Horse Collar
36:22 Forging
36:28 Chain Mail Armor
36:28 Leather Archer Armor
37:28 Man-at-Arms
37:56 Arson
42:17 Imperial Age
39:49 Town Patrol
39:55 Stone Mining
40:45 Gold Shaft Mining
41:44 Long Swordsman
43:52 Conscription
43:33 Elite Shotel Warrior
45:22 Stone Shaft Mining
44:24 Halberdier
47:38 Iron Casting
49:44 Chemistry
48:56 Heavy Plow
49:15 Siege Engineers
50:46 Murder Holes
50:37 Arbalester
52:07 Arbalester
KnightsTemplar
14:02 Feudal Age
13:54 Loom
15:13 Double-Bit Axe
18:07 Man-at-Arms
24:01 Scale Mail Armor
24:28 Arson
27:45 Padded Archer Armor
33:26 Castle Age
33:02 Stone Mining
33:04 Gold Mining
34:21 Light Cavalry
35:02 Husbandry
37:19 Wheelbarrow
37:33 Bow Saw
38:13 Gold Shaft Mining
38:02 Scale Barding Armor
38:09 Forging
41:16 Hand Cart
43:55 Masonry
43:41 Murder Holes
Simon
14:40 Feudal Age
17:38 Wheelbarrow
16:49 Town Watch
18:08 Double-Bit Axe
18:15 Gold Mining
19:01 Man-at-Arms
21:18 Fletching
24:36 Castle Age
24:39 Crossbowman
25:26 Thumb Ring
28:40 Gold Shaft Mining
32:40 Hand Cart
35:35 Stone Mining
Connection lost

Rejoining the realm…

Still unreachable

The connection could not be restored.

Session expired

The server has moved on; the page needs a fresh start.